[Event "53rd Mongolian Women-ch 2023"]
[Site "Khovd"]
[Date "2023.05.23"]
[Round "4.1"]
[White "Enkhsaran, Batsaikhan"]
[Black "Amin-Erdene, Bayanmunkh"]
[Result "1/2-1/2"]
[ECO "E04"]
[WhiteElo "1756"]
[BlackElo "1620"]
[Annotator "NA RC COMBH"]
[PlyCount "156"]
[EventDate "2023.05.22"]
[EventType "tourn"]
[EventCountry "MGL"]
[SourceTitle "playchess.com"]
[Source "ChessBase"]
[SourceQuality "1"]
[TimeControl "40/5400+30:1800+30"]

1. d4 d5 2. c4 e6 3. Nf3 a6 4. g3 dxc4 5. Bg2 Nc6 6. O-O Rb8 7. Nc3 Nf6 8. e4 Be7 9. d5 exd5 10. exd5 Nb4 11. Ne5 Bf5 12. Bf4 O-O 13. a3 Nd3 14. Nxc4 Nxf4 15. gxf4 Bd6 16. Qd2 Nh5 17. Ne2 Bg4 18. Nxd6 Qxd6 19. f5 Bxf5 20. Ng3 Nxg3 21. fxg3 Bg6 22. Qc3 Rfe8 23. Rae1 f6 24. Re6 Qd7 25. Rfe1 Bf7 26. Rxe8+ Rxe8 27. Rxe8+ Bxe8 28. Qb3 Qd6 29. Qe3 Bd7 30. h3 Kf8 31. Kh2 Qe5 32. Qc5+ Qd6 33. Qa7 Qb6 34. Qxb6 cxb6 35. g4 Ke7 36. Kg3 Kd6 37. Kf4 Kc5 38. g5 fxg5+ 39. Kxg5 a5 40. Kf4 Kd6 41. h4 Be8 42. Be4 Bf7 43. Bxh7 Kxd5 44. Be4+ Kc4 45. Bc2 b5 46. Ke5 b4 47. axb4 axb4 48. Kd6 b3 49. Be4 Kd4 50. Ke7 Bh5 51. Bf5 Ke5 52. Be6 Kf4 53. Kf8 g6 54. Bxb3 Kg3 55. Bd5 b5 56. Ke7 Kxh4 57. Kd6 Be2 58. Ke5 g5 59. Ke4 g4 60. Ke3 Bc4 61. Bc6 g3 62. Bd7 Bf1 63. b4 Kg5 64. Kf3 Kh4 65. Ke3 Bc4 66. Bc8 Bd5 67. Bd7 Bc4 68. Bc8 Bf1 69. Bd7 Kg5 70. Kf3 Kh4 71. Ke3 Bc4 72. Bc8 Bd5 73. Bd7 Bb7 74. Ke2 Bd5 75. Kf1 Bc4+ 76. Kg2 Bd5+ 77. Kg1 Bc4 78. Kg2 Bd5+ 1/2-1/2

[Event "53rd Mongolian Women-ch 2023"]
[Site "Khovd"]
[Date "2023.05.23"]
[Round "4.2"]
[White "Margadgua Erdenebayar"]
[Black "Bayasgalan, Khishigbaatar"]
[Result "1-0"]
[ECO "B23"]
[WhiteElo "1934"]
[BlackElo "1811"]
[Annotator "TA"]
[PlyCount "43"]
[EventDate "2023.05.22"]
[EventType "tourn"]
[EventCountry "MGL"]
[SourceTitle "playchess.com"]
[Source "ChessBase"]
[SourceQuality "1"]
[TimeControl "40/5400+30:1800+30"]

1. e4 c5 2. Nc3 Nc6 3. f4 g6 4. Nf3 Bg7 5. Bb5 Nd4 6. Nxd4 cxd4 7. Ne2 a6 8. Ba4 {[%emt 0:03:46] B23: Closed Sicilian: Lines without g3.} b5 9. Bb3 Bb7 10. d3 {[%emt 0:03:10] The position is equal.} e6 (10... Qb6 $5 ) 11. O-O Ne7 12. Ng3 ({White should play} 12. Qe1 $16) 12... h5 $11 13. f5 $1 h4 (13... gxf5 $1 $11 14. exf5 Be5) 14. fxe6 (14. f6 {seems wilder.} Bxf6 15. Rxf6 hxg3 16. h3) 14... hxg3 {[%emt 0:06:12] [#]} ({Better is} 14... dxe6 $14 15. Qf3 O-O) 15. Rxf7 $146 (15. exf7+ $6 Kf8 $11) ({Predecessor:} 15. exd7+ Kxd7 16. Rxf7 gxh2+ 17. Kh1 Bf8 18. Qg4+ Ke8 19. Bg5 Qc8 20. Qf4 Qc6 21. Rxe7+ Bxe7 22. Qf7+ Kd8 23. Qxe7+ Kc8 24. Bf4 Re8 25. Qg5 a5 {½-½ Ziabari,M (1874)-Schott,G (2146) Troisdorf op 2014 (3)}) 15... dxe6 {[%emt 0:08:36] [#]} 16. Rxg7 (16. Qf3 $1 $16 Bxe4 17. Qxe4 (17. dxe4 d3 $11) 17... Kxf7 18. Qxe6+ (18. hxg3 $2 {loses.} Nd5 $19) 18... Ke8 19. Bg5) 16... gxh2+ $11 17. Kh1 Qd6 $2 {[%emt 0:01:21][%mdl 8192] Black cannot hold the game after this.} (17... Kf8 $14 18. Rxe7 Qxe7) 18. Qg4 $18 {[%emt 0:10:31] Bg5 would be deadly.} ({Not} 18. Bg5 Nf5 19. exf5 (19. Rxb7 $2 Ng3#) 19... Bxg2+ 20. Kxg2 h1=Q+ 21. Qxh1 Qc6+ 22. Kf2 Rxh1 $11) 18... Qe5 {[%emt 0:10:51] [#] Repels Bg5} 19. Rxe7+ Kxe7 {[%emt 0:00:11] [#]} 20. Bf4 $1 {[%emt 0:00:03][%mdl 64] Deflection} Qc5 21. Qxe6+ Kd8 22. Qf6+ {[%emt 0:00:20] An entertaining game by Margadgua Erdenebayar.   Weighted Error Value: White=0.23 (precise) /Black=0.92} (22. Bd6 $142 Qc7 23. Qf6+ Kc8 24. Be6+ Kb8 25. Qxh8+ Ka7 26. Qxd4+ Qb6 27. Bc5) 1-0

[Event "53rd Mongolian Women-ch 2023"]
[Site "Khovd"]
[Date "2023.05.23"]
[Round "4.4"]
[White "Khuslen, Erdenebayar"]
[Black "Enkhbolor Nyamdavaa"]
[Result "0-1"]
[ECO "E24"]
[WhiteElo "1835"]
[BlackElo "1699"]
[Annotator "NA RC COMBH"]
[PlyCount "70"]
[EventDate "2023.05.22"]
[EventType "tourn"]
[EventCountry "MGL"]
[SourceTitle "playchess.com"]
[Source "ChessBase"]
[SourceQuality "1"]
[TimeControl "40/5400+30:1800+30"]

1. d4 Nf6 2. c4 e6 3. Nc3 Bb4 4. a3 Bxc3+ 5. bxc3 c5 6. f3 Nc6 7. e4 d6 8. Ne2 b6 9. Bg5 h6 10. Bh4 Na5 11. f4 $2 ({White should try} 11. Nc1 $1 $11) 11... g5 12. e5 $2 (12. fxg5 $17 Nxe4 13. Ng3 hxg5 14. Nxe4 Rxh4 15. Bd3) 12... gxh4 13. exf6 Qxf6 14. d5 Bb7 ({Not} 14... Nxc4 15. Qa4+ Kd8 16. Qxc4 $14) 15. Qa4+ Kd8 16. Rd1 Kc7 17. Kf2 Rhe8 18. g3 exd5 19. cxd5 Qe7 20. Rd3 Ba6 21. Qd1 Bxd3 22. Qxd3 c4 23. Qf3 $19 Nb3 24. f5 Nd2 25. Qf4 Qe4 26. Qxe4 Nxe4+ 27. Kf3 Re5 28. Kf4 Nf6 29. gxh4 Nxd5+ 30. Kf3 Rxf5+ 31. Ke4 Re5+ 32. Kd4 Rae8 33. Ng3 b5 34. Bh3 Nf4 35. Bg4 Rd5# 0-1

[Event "53rd Mongolian Women-ch 2023"]
[Site "Khovd"]
[Date "2023.05.23"]
[Round "4.5"]
[White "Mungunzul, Bat-Erdene"]
[Black "Bayarmaa, Bayarjargal"]
[Result "1/2-1/2"]
[ECO "E88"]
[WhiteElo "2299"]
[BlackElo "2167"]
[Annotator "TA"]
[PlyCount "83"]
[EventDate "2023.05.22"]
[EventType "tourn"]
[EventCountry "MGL"]
[SourceTitle "playchess.com"]
[Source "ChessBase"]
[SourceQuality "1"]
[TimeControl "40/5400+30:1800+30"]

1. d4 Nf6 2. c4 g6 3. Nc3 Bg7 4. e4 d6 5. f3 O-O 6. Be3 c6 7. Qd2 e5 8. d5 cxd5 9. cxd5 a6 10. Bd3 Nbd7 11. Nge2 Nc5 {[%emt 0:01:33] E88: King's Indian: Sämisch: 6...e5 7 d5 c6.} 12. Bc2 a5 {[%emt 0:00:50] [#]} 13. a3 $146 ({Predecessor:} 13. O-O Bd7 14. b3 Nh5 15. Rfc1 Rc8 16. Rab1 b5 17. a3 Nf4 18. b4 axb4 19. axb4 {1-0 Hasselmeyer,A (2536)-Goze,T (2456) EU-chT8 qual email 2009 [3]}) 13... Nfd7 {[%emt 0:01:08] White is slightly better.} 14. O-O a4 {[%emt 0:01:07] [#]} (14... Nb6 $14) 15. Qd1 {[%emt 0:02:59] White is more active.} ({White should play} 15. Nb5 $1 $16) 15... Qa5 16. Nc1 f5 17. Nd3 f4 (17... fxe4 $11 18. Nxc5 (18. Nxe4 Nxe4 19. fxe4 Nf6 $14) (18. fxe4 Nxd3 19. Bxd3 Nc5 $14) 18... Nxc5) 18. Bf2 $16 Bf6 19. Kh1 Nxd3 20. Qxd3 Nc5 21. Bxc5 Qxc5 22. Nxa4 Qd4 23. Qb3 b5 24. Nc3 (24. Qxb5 Ba6 25. Qb3 Bxf1 26. Rxf1 Rfb8 $19) 24... Bd7 25. Rad1 Qc5 (25... Qb6 $14) 26. Qb4 (26. Bd3 $16) 26... Rfc8 $14 27. Bd3 (27. Qxc5 {simplifies} Rxc5 28. Bd3 Bd8 29. Na2) 27... Rab8 ({But not} 27... Qxb4 28. axb4 Bh4 29. Ra1 $16 (29. Bxb5 Rxc3 30. Bxd7 Rb3 $11) (29. Nxb5 Bxb5 30. Bxb5 Rc2 $11)) 28. Rc1 Bd8 29. Na2 Qb6 30. Rfd1 Kf7 31. Bf1 (31. Rxc8 {simplifies} Rxc8 32. Qe1 h5 33. Nb4) 31... Ke7 32. Qe1 (32. Qd2 {seems wilder.} h5 33. Nb4 Qe3 34. Nc6+) 32... h5 33. Nb4 Kf8 34. Qd2 Be7 35. Nc6 Bxc6 36. dxc6 Rxc6 37. Qd5 Rxc1 {[%emt 0:03:23] The position is equal.} 38. Rxc1 {[%emt 0:00:08] [#] Black must now prevent Qe6.} Qe3 39. Rd1 {[%emt 0:00:20] Threatens to win with Qe6.} Qc5 40. b4 Qc2 41. Qd3 (41. Bxb5 $2 {too greedy.} Rxb5 42. Qd2 Qb3 $19) 41... Qxd3 42. Bxd3 {[%emt 0:38:11] Weighted Error Value: White=0.17 (very precise) /Black=0.14 (very precise)} 1/2-1/2

[Event "53rd Mongolian Women-ch 2023"]
[Site "Khovd"]
[Date "2023.05.23"]
[Round "4.6"]
[White "Udval, Enkhsaikhan"]
[Black "Altantuya, Boldbaatar"]
[Result "0-1"]
[ECO "E11"]
[WhiteElo "1682"]
[BlackElo "2191"]
[Annotator "TA"]
[PlyCount "78"]
[EventDate "2023.05.22"]
[EventType "tourn"]
[EventCountry "MGL"]
[SourceTitle "playchess.com"]
[Source "ChessBase"]
[SourceQuality "1"]
[TimeControl "40/5400+30:1800+30"]

1. d4 Nf6 2. c4 e6 3. g3 d5 4. Nf3 Bb4+ 5. Bd2 a5 6. Bg2 O-O 7. Qc2 {[%emt 0:01:31] 7.Qc1 is the recent fashion.} c5 {[%emt 0:00:15] E11: Bogo-Indian.} 8. cxd5 cxd4 9. Nxd4 Qb6 {[%emt 0:00:21] White is slightly better.} 10. Nf3 exd5 11. O-O Nc6 {[%emt 0:00:54] [#]} 12. Bf4 $146 ({Predecessor:} 12. Bg5 Be7 13. Nc3 Be6 14. Na4 Qa7 15. Rfc1 Rac8 16. Qb3 Nb4 17. a3 Ne4 18. Bxe7 Qxf2+ {½-½ Nyzhnyk,I (2644)-Swiercz,D (2637) Saint Louis Spring-A 2023 (1)}) 12... Re8 13. a3 Bf8 14. Nc3 d4 15. Na4 Qb5 {[%emt 0:01:06] [#] White must now prevent ...Be6.} 16. Qd1 (16. Qd3 $11 {remains equal.} Qxd3 17. exd3) 16... Be6 {[%emt 0:04:47] Strongly threatening ...Bb3.} (16... Qxe2 $2 17. Qxe2 Rxe2 18. Nb6 $18) ({But not} 16... Rxe2 17. Nb6 Qxb6 18. Qxe2 $14) 17. Nd2 {[%emt 0:05:16] Prevents Bb3.} (17. Nxd4 $17 {is the only way for White.} Nxd4 18. Qxd4) 17... g5 18. Bc7 Rac8 $36 {[%emt 0:00:42][%mdl 2048] Black is in control.} 19. Bb6 Bd5 {[%emt 0:15:59] Black has more active pieces. The white rooks are badly placed.} 20. e4 $2 Nxe4 $19 21. Nxe4 Bxe4 22. Bxe4 Rxe4 23. Rc1 g4 24. f3 {[%emt 0:00:41] White is weak on the light squares} Re2 {[%emt 0:00:11][%cal Be4e2,Be2d2,Bd2d1][%mdl 32] ...Rce8 would be deadly.} 25. fxg4 Rce8 {[%emt 0:04:45] Hoping for ...Qd5.} 26. Bxd4 {[%emt 0:01:00] Nc3 is the strong threat.} Qd5 27. Bf2 {[%emt 0:00:18] [#]} Rd2 28. Nc3 Rxd1 29. Nxd5 Rxd5 30. Rc4 (30. Rc2 $142) 30... Ne5 31. Rc7 Nxg4 32. Bb6 Ne3 33. Bxe3 Rxe3 34. Rfxf7 Re2 35. Kf1 Rxb2 36. Ke1 {[%emt 0:00:09] Prevents Rd1+.} Bxa3 37. Rg7+ Kf8 {[%emt 0:00:07] ( -> ...Bb4+)} 38. Rxh7 Bb4+ 39. Kf1 Rd1# {[%emt 0:00:04] Weighted Error Value: White=0.81/Black=0.19 (very precise)} 0-1